 Dungeon Crawl Stone Soup version 0.29-a0-459-g97dee8cd24 (webtiles) character file.

Game seed: 13367227263866893871

1869 siradein the Thaumaturge (level 8, -1/52 HPs)
             Began as a Mummy Necromancer on May 21, 2022.
             Was a Believer of Kikubaaqudgha.
             Slain by a wight
             ... wielding a +0 mace
              (7 damage)
             ... on level 6 of the Dungeon.
             The game lasted 00:16:22 (7720 turns).

siradein the Thaumaturge (Mummy Necromancer)        Turns: 7720, Time: 00:16:23

Health: -1/52      AC:  5    Str: 11    XL:     8   Next: 90%
Magic:  22/22      EV: 11    Int: 16    God:    Kikubaaqudgha [**....]
Gold:   303        SH:  0    Dex: 13    Spells: 15/27 levels left

rFire   x . .      SeeInvis +   h - +1 long sword (freeze)
rCold   + . .      Faith    .   (no shield)
rNeg    + + +      Spirit   .   v - +0 leather armour {Will+}
rPois   ∞          Reflect  .   (no helmet)
rElec   .          Harm     .   (no cloak)
rCorr   +          Rampage  .   (no gloves)
Will    ++...                   r - +1 pair of boots
Stlth   ++........              s - amulet of magic regeneration
HPRegen 0.17/turn               l - ring of see invisible
MPRegen 0.58/turn               t - ring "Geah" {Wiz rN+ rCorr Slay-3}

@: about to teleport
A: cold resistance 1, negative energy resistance 3, torment resistance 2, heat
vulnerability 1, in touch with death 1, no potions
a: Renounce Religion, Unearth Wretches


You were on level 6 of the Dungeon.
You worshipped Kikubaaqudgha.
Kikubaaqudgha was pleased with you.
You visited 2 branches of the dungeon, and saw 7 of its levels.

You collected 303 gold pieces.

Inventory:

Hand Weapons
 h - a +1 long sword of freezing (weapon)
Missiles
 u - 2 throwing nets
Armour
 r - a +1 pair of boots (worn)
 v - a +0 leather armour of willpower (worn)
Jewellery
 l - a ring of see invisible (left hand)
 q - a +4 ring of evasion
 s - an amulet of magic regeneration (around neck)
 t - the ring "Geah" (right hand) {Wiz rN+ rCorr Slay-3}
   (You found it on level 5 of the Dungeon)

   [ring of wizardry]

   It improves your spell success rate.
   Slay:      It affects your accuracy & damage with ranged weapons and melee
   (-3).
   rN:        It protects you from negative energy.
   rCorr:     It protects you from acid and corrosion.
Wands
 p - a wand of flame (9)
Scrolls
 a - a scroll of vulnerability
 b - a scroll of enchant weapon
 d - 2 scrolls of teleportation
 e - 2 scrolls of amnesia
 f - 3 scrolls of poison
 g - a scroll of acquirement
 i - a scroll of blinking {unknown}
 j - 3 scrolls of immolation {unknown}
 k - a scroll of brand weapon {unknown}
 m - a scroll of fog {unknown}
 n - 3 scrolls of fear {unknown}


   Skills:
 - Level 1.5 Dodging
 - Level 1.5 Stealth
 + Level 10.1 Spellcasting
 + Level 9.2 Necromancy


You had 15 spell levels left.
You knew the following spells:

 Your Spells              Type           Power      Damage    Failure   Level
a - Necrotize             Necr           100%       1d9       1%          1
b - Vampiric Draining     Necr           54%        2d9       1%          3
c - Animate Dead          Necr           54%        N/A       1%          4
d - Anguish               Hex/Necr       17%        N/A       8%          4

Your spell library contained the following spells:

 Spells                   Type           Power      Damage    Failure   Level
 Agony                    Necr           54%        N/A       3%          5


Dungeon Overview and Level Annotations

Branches:
Dungeon (6/15)             Temple (1/1) D:4

Altars:
Ashenzari
Cheibriados
Dithmenos
Elyvilon
Fedhas
Gozag
Hepliaklqana
Kikubaaqudgha
Makhleb
Nemelex Xobeh
Okawaru
Qazlal
Sif Muna
Trog
Uskayaw
Wu Jian
Xom
Yredelemnul
Zin
The Shining One
Beogh

Annotations:
D:3 3 runed translucent doors, sirJeffrey23's ghost, weakling DsMo
D:6 3 runed translucent doors, NateTC's ghost, novice DjCj


Innate Abilities, Weirdness & Mutations

You are immune to poison.
Your flesh is cold resistant. (rC+)
You are immune to negative energy. (rN+++)
You are immune to unholy pain and torment.
You are vulnerable to heat. (rF-)
You are in touch with the powers of death.
You do not drink.


Message History

The wight is destroyed!
Kikubaaqudgha accepts your kill. The wight closely misses you.
You closely miss the wight. The wight barely misses you.
You hit the wight but do no damage. The wight hits you with a +0 mace.
You closely miss the wight. The wight hits you but does no damage.
Your ogre zombie hits the wight!
The wight hits your ogre zombie with a +0 war axe!!
The wight barely misses you.
You hit the wight but do no damage.
The wight hits your ogre zombie with a +0 war axe!
Your ogre zombie is destroyed!
The wight hits you with a +0 mace!
Casting: Anguish (dangerous; 8% risk of failure)
Confirm with . or Enter, or press ? or * to list all spells.
Casting: Anguish (dangerous; 8% risk of failure)
Press: ? - help, Dir - look around, f - activate You feel a surge of power!
The wight resists with some effort.
The wight is haunted by guilt!
NateTC's ghost turns its malevolent gaze towards you.
The wight closely misses you.
Unknown command.
You barely miss the wight. The wight hits you with a +0 mace.
The wight is wracked by anguish.
The wight barely misses you.
You closely miss the wight.
The wight is lightly damaged.
The white imp shouts, "Run away, thou droning onion-eyed bum-bailey!"
The wight hits you with a +0 mace.
The wight is wracked by anguish.
You closely miss the wight.
The wight is moderately damaged.
The wight misses you.
You barely miss the wight.
The wight is moderately damaged.
The wight barely misses you. The wight hits you with a +0 mace!
* * * LOW HITPOINT WARNING * * *
The wight is wracked by anguish!
As you read the scroll of teleportation, it crumbles to dust.
You feel strangely unstable. The wight hits you with a +0 mace!
You die...
Kikubaaqudgha rasps: "You have failed me!
Welcome... oblivion!"

################# #.
##....
.......#........# #.
#.z...
.#..#..#..#####.#
#####.###.####
..............#.#
..........####
).###+++###...#.#
####.........
.##.......##....#
######.z#######
.#.........##.#.#
........#... .#
##....?....
#...#########.#.###.#
# ..####$..
##..@zz)....))).....#
#..##$/###..
#..#########)#...###
.....##.5#..#
##.#...### .
..=...#.Z#..#
#)........ ..#
.W5..#.Y##.#
#....#.###
#..###....... #.#
#....#.# #....5YZ..Z.
##.# #....#.#
##...####..###..#
#....#.#
.#####..####.Z.##
#..###.#


You could see an ice beast, 2 wights, a water moccasin simulacrum and a centaur
simulacrum.

Vanquished Creatures
  A sky beast (D:6)
  3 ogres
  A phantom (D:4)
  A kobold brigand (D:6)
  2 scorpions (D:5)
  A bullfrog (D:6)
  2 howler monkeys (D:5)
  A jelly (D:6)
  An orc priest (D:3)
  2 gnoll shamans
  4 hounds
  Ijyb (D:4)
  Natasha (thrice) (D:2)
  2 iguanas
  4 orc wizards
  18 gnolls
  6 adders
  An ufetubus (D:5)
  2 worms
  3 dart slugs
  27 orcs
  6 ball pythons
  5 bats
  7 endoplasms
  5 giant cockroaches
  8 goblins
  3 hobgoblins
  16 jackals
  9 kobolds
  6 quokkas
  3 frilled lizards
  2 rats (D:2)
156 creatures vanquished.

Vanquished Creatures (collateral kills)
  2 wights (D:6)
  A jelly (D:6)
  3 gnolls
  6 orcs
  An endoplasm (D:2)
  2 jackals (D:5)
  A kobold (D:6)
  A rat (D:2)
17 creatures vanquished.

Vanquished Creatures (others)
  A wight (D:6)
  A sky beast zombie (D:6)
  3 ogre zombies
  2 jackal zombies (D:5)
  6 kobold zombies (D:6)
  3 orc zombies (D:5)
  7 plants
23 creatures vanquished.

Grand Total: 196 creatures vanquished

Notes
Turn   | Place    | Note
-------+----------+-------------------------------------------
     0 | D:1      | siradein the Mummy Necromancer began the quest for the Orb.
     0 | D:1      | Reached XP level 1. HP: 13/13 MP: 4/4
   172 | D:1      | Reached skill level 3 in Spellcasting
   288 | D:1      | Reached XP level 2. HP: 19/19 MP: 4/6
  1113 | D:1      | Gained mutation: You are in touch with the powers of death.
                  | [Mummy growth]
  1113 | D:1      | Reached XP level 3. HP: 22/24 MP: 0/8
  1407 | D:2      | Learned a level 3 spell: Vampiric Draining
  1420 | D:2      | Noticed Natasha
  1425 | D:2      | Killed Natasha
  1426 | D:2      | Reached skill level 4 in Spellcasting
  1540 | D:2      | Reached XP level 4. HP: 30/30 MP: 7/10
  1553 | D:2      | Noticed Natasha
  1561 | D:2      | Killed Natasha
  1562 | D:2      | Reached skill level 5 in Necromancy
  1567 | D:2      | Learned a level 4 spell: Animate Dead
  1588 | D:2      | Found a faded altar of an unknown god.
  1603 | D:2      | Noticed Natasha
  1616 | D:2      | Killed Natasha
  1732 | D:2      | Reached XP level 5. HP: 35/35 MP: 2/12
  1872 | D:2      | Reached skill level 5 in Spellcasting
  2383 | D:3      | Found a runed translucent gate.
  2383 | D:3      | Found a runed translucent gate.
  2383 | D:3      | Found a runed translucent gate.
  2385 | D:3      | Identified the +9 hunting sling of Vopha {vorpal, rCorr
                  | Int+4 SInv}
  2385 | D:3      | Identified the +1 ring mail of Liberty {Str+2 Dex+2}
  2385 | D:3      | Noticed sirJeffrey23's ghost (weakling DsMo)
  2934 | D:3      | Found a burning altar of Makhleb.
  2966 | D:3      | Found a shadowy altar of Dithmenos.
  3217 | D:4      | Noticed a phantom
  3839 | D:4      | Noticed Ijyb
  3847 | D:4      | Killed Ijyb
  3848 | D:4      | Reached XP level 6. HP: 41/41 MP: 5/14
  4220 | D:4      | Reached skill level 6 in Spellcasting
  4500 | D:4      | Found a staircase to the Ecumenical Temple.
  4521 | Temple   | Entered the Ecumenical Temple
  4653 | Temple   | Became a worshipper of Kikubaaqudgha
  5002 | D:5      | Entered Level 5 of the Dungeon
  5033 | D:5      | Reached XP level 7. HP: 43/46 MP: 6/17
  5156 | D:5      | Reached skill level 7 in Spellcasting
  5438 | D:5      | Reached * piety under Kikubaaqudgha
  5438 | D:5      | Received a gift from Kikubaaqudgha
  5458 | D:5      | Learned a level 4 spell: Anguish
  5728 | D:5      | Reached skill level 8 in Spellcasting
  5843 | D:5      | Reached XP level 8. HP: 52/52 MP: 16/20
  5962 | D:5      | Reached ** piety under Kikubaaqudgha
  6279 | D:5      | Identified the ring "Geah" {Wiz rN+ rCorr Slay-3}
  6798 | D:6      | Identified a scroll of acquirement
  6973 | D:6      | Reached skill level 9 in Spellcasting
  7046 | D:6      | Found a runed translucent gate.
  7046 | D:6      | Found a runed translucent gate.
  7046 | D:6      | Found a runed translucent gate.
  7225 | D:6      | Noticed NateTC's ghost (novice DjCj)
  7387 | D:6      | Reached skill level 10 in Spellcasting
  7720 | D:6      | Slain by a wight

Illustrated notes

Levels and vault maps discovered:
D:1:      wander_arrival_lonely_grave, layout_basic, st_stairs_14
D:2:      layout_basic, shapermc_ecumenical_altar_rom_forum,
          minmay_misc_feat_square, uniq_natasha
D:3:      layout_loops_cross, mainiacjoe_overflow_two_lobes,
          biasface_ghost_orc_armoury
D:4:      layout_loops_ring, minmay_temple_entry_trees,
          kennysheep_generic_room_11, uniq_ijyb
D:5:      lemuel_castle_with_subvaults [lemuel_castle_interior_carwin_3],
          layout_rooms, minmay_misc_feat_secret_circle
D:6:      layout_basic, gammafunk_ghost_icy
Temple:   mainiacjoe_temple_bowtie_tessellation

Skill      XL: |  1  2  3  4  5  6  7  8 |
---------------+-------------------------+-----
Spellcasting   | 3 4 5 6 8 10 | 10.1
Necromancy     | 5 6 7 9 |  9.2
Dodging        | |  1.5
Stealth        | |  1.5

Action                   |  1- 3 |  4- 6 |  7- 9 || total
-------------------------+-------+-------+-------++-------
Melee: Dagger            |    14 |       |       ||    14
       Flail             |       |    15 |   101 ||   116
       Long sword        |       |       |    12 ||    12
       Punch             |       |       |     2 ||     2
 Cast: Necrotize         |    59 |    97 |    71 ||   227
       Vampiric Draining |       |    13 |    41 ||    54
       Animate Dead      |       |       |     5 ||     5
       Anguish           |       |       |     2 ||     2
Evoke: Wand              |       |     1 |       ||     1
  Use: Scroll            |       |     6 |     3 ||     9
 Stab: Distracted        |       |       |     1 ||     1
Armor: Robe              |     1 |       |       ||     1
       Leather armour    |     6 |    14 |    36 ||    56
Dodge: Dodged            |    10 |    51 |   163 ||   224

Table legend: (Time is in decaauts)
 A = Elapsed time spent in this place.
 B = Non-inter-level travel time spent in this place.
 C = Inter-level travel time spent in this place.
 D = Time resting spent in this place.
 E = Time spent auto-exploring this place.
 F = Levels seen in this place.
 G = Mean time per level.
                   A        B        C        D        E       F      G
               +--------+--------+--------+--------+--------+-----+--------+
         Total |   7775 |   7519 |    256 |    542 |   5599 |   7 | 1110.7 |
       Dungeon |   7628 |   7372 |    256 |    542 |   5489 |   6 | 1271.3 |
        Temple |    146 |    146 |      0 |      0 |    110 |   1 |  146.0 |
               +--------+--------+--------+--------+--------+-----+--------+

Top non-repeatable levels by time:
     D:5: 1749 daAuts
     D:1: 1333 daAuts
     D:4: 1320 daAuts
     D:3: 1261 daAuts
     D:6: 1021 daAuts
     D:2: 942 daAuts
  Temple: 146 daAuts
